 Dungeon Crawl Stone Soup version 0.21.1-1-g345015f (webtiles) character file.

311 n0claF the Firebug (level 6, 0/45 HPs)
             Began as a Draconian Fire Elementalist on July 4, 2018.
             Slain by Pikel
             ... wielding a +2 whip of freezing
              (3 damage)
             ... on level 3 of the Dungeon.
             The game lasted 00:12:32 (4637 turns).

n0claF the Firebug (Draconian Fire Elementalist)    Turns: 4637, Time: 00:12:33

Health: 0/45       AC:  6    Str: 11    XL:     6   Next: 18%
Magic:  0/9        EV: 12    Int: 17    God:
Gold:   120        SH:  0    Dex: 11    Spells: 5/9 levels left

rFire    . . .     SeeInvis .   k - +0 hunting sling
rCold    . . .     Gourm    .   (no shield)
rNeg     . . .     Faith    .   (armour unavailable)
rPois    .         Spirit   .   (helmet restricted)
rElec    +         Reflect  .   (no cloak)
rCorr    .         Harm     .   (no gloves)
MR       +....                  (no boots)
Stlth    ++........             (no amulet)
HPRegen  0.15/turn              (no ring)
MPRegen  0.11/turn              (no ring)

@: slowed, very slow
A: unfitting armour, magic resistance 1, electricity resistance, cold-blooded,
AC +6
a: no special abilities


You were on level 3 of the Dungeon.
You were not hungry.

You visited 1 branch of the dungeon, and saw 4 of its levels.

You collected 120 gold pieces.

Inventory:

Hand Weapons
 k - a +0 hunting sling (weapon)
   (You took it off a goblin on level 2 of the Dungeon)
Missiles
 b - 84 stones (quivered)
 f - 37 sling bullets
Scrolls
 d - a scroll of remove curse {unknown}
 h - 2 scrolls of identify {unknown}
 i - a scroll of magic mapping
 j - 3 scrolls of teleportation {unknown}
 l - a scroll of random uselessness {unknown}
Potions
 n - a potion of curing {unknown}
Books
 a - a book of Flames
Comestibles
 c - 4 chunks of flesh
 e - 5 rations {!d}


   Skills:
 - Level 1.7 Dodging
 - Level 1.7 Stealth
 - Level 2.0 Spellcasting
 + Level 3.5 Conjurations
 * Level 6.0 Fire Magic


You had 5 spell levels left.
You knew the following spells:

 Your Spells              Type           Power        Failure   Level  Hunger
a - Flame Tongue          Conj/Fire      ###..        2%          1    #......
d - Conjure Flame         Conj/Fire      ###.....     9%          3    ###....


Dungeon Overview and Level Annotations

Branches:
Dungeon (4/15)
 Temple: D:4-7

Altars:
Vehumet

Annotations:
D:3 Pikel


Innate Abilities, Weirdness & Mutations

Your plain brown scales are hard. (AC +6)
You cannot fit into any form of body armour.
You are cold-blooded and may be slowed by cold attacks.
You are resistant to hostile enchantments. (MR+)
You are resistant to electric shocks. (rElec)


Message History

Aim: Pikel, wielding a whip of freezing and wearing a robe (severely wounded)
The flame tongue hits Pikel.
Pikel closely misses you.
Aim: Pikel, wielding a whip of freezing and wearing a robe (severely wounded)
You shoot a stone. The stone closely misses Pikel.
Pikel hits you with a whip of freezing!
* * * LOW HITPOINT WARNING * * *
Pikel freezes you.
* * * LOW HITPOINT WARNING * * *
Aim: Pikel, wielding a whip of freezing and wearing a robe (severely wounded)
You shoot a stone. The stone barely misses Pikel.
Pikel hits you with a whip of freezing.
* * * LOW HITPOINT WARNING * * *
Pikel freezes you.
* * * LOW HITPOINT WARNING * * *
You feel much better. Pikel hits you but does no damage.
Aim: Pikel, wielding a whip of freezing and wearing a robe (severely wounded)
You shoot a stone. The stone hits Pikel.
Pikel says, "I just want to get paid!"
Pikel misses you.
Aim: Pikel, wielding a whip of freezing and wearing a robe (severely wounded)
You shoot a stone. The stone barely misses Pikel.
Pikel hits you with a whip of freezing. Pikel freezes you.
Aim: Pikel, wielding a whip of freezing and wearing a robe (severely wounded)
You shoot a stone.
The stone hits Pikel but does no damage.
Pikel hits you with a whip of freezing! Pikel freezes you.
Pikel hits you with a whip of freezing!
* * * LOW HITPOINT WARNING * * *
Pikel freezes you.
* * * LOW HITPOINT WARNING * * *
Aim: Pikel, wielding a whip of freezing and wearing a robe (severely wounded)
The flame tongue hits Pikel.
Pikel appears unharmed.
Pikel barely misses you.
You don't have enough magic to cast that spell.
As you read the scroll labeled COPYMN FIER, it crumbles to dust.
You hear a loud clanging noise!
It was a scroll of noise.
Pikel hits you with a whip of freezing.
* * * LOW HITPOINT WARNING * * *
Pikel freezes you.
* * * LOW HITPOINT WARNING * * *
As you read the scroll labeled ESTUQODGHAPH, it crumbles to dust.
It is a scroll of amnesia.
Okay, then.
Pikel hits you but does no damage.
As you read the scroll labeled GEBROI HANOUV, it crumbles to dust.
You feel aware of your surroundings.
It was a scroll of magic mapping.
Pikel hits you with a whip of freezing!
* * * LOW HITPOINT WARNING * * *
You feel yourself slow down. Pikel freezes you.
You die...

..,,,,>#.# #.# ..,,,,####
#)# .8,,,8##* #.# ##*8***
#.# ############### #.#
..............# ###.#
.######.#####.# #...# ##
#.#####)####### #..##
#######.##......@K>(## ##.#
...........##.####.[.# #.#
#######.#####.####...###
#.# #
#.#.###.##.......###.######
#
#..#.##.##.................
#
###.###.##.......###.######
# #.# #.####...### #.# #
#.# #.# #...# #.#
#########.# #.# ##### #.#


You could see Pikel.

Vanquished Creatures
  A jelly (D:3)
  2 orc wizards (D:3)
  An iguana (D:2)
  A worker ant (D:4)
  5 adders
  2 oozes (D:3)
  A worm (D:4)
  3 dart slugs
  6 leopard geckos
  16 orcs
  A ball python (D:3)
  5 giant cockroaches
  9 goblins
  5 hobgoblins
  6 jackals (D:2)
  A quokka (D:2)
  12 bats
  6 frilled lizards
  6 kobolds
  4 rats
93 creatures vanquished.

Notes
Turn   | Place    | Note
-------+----------+-------------------------------------------
     0 | D:1      | n0claF the Draconian Fire Elementalist began the quest for the Orb.
     0 | D:1      | Reached XP level 1. HP: 14/14 MP: 3/3
   485 | D:1      | Reached XP level 2. HP: 20/20 MP: 1/5
  1076 | D:1      | Reached XP level 3. HP: 22/26 MP: 4/6
  1354 | D:2      | Reached skill level 4 in Fire Magic
  1504 | D:2      | Learned a level 3 spell: Conjure Flame
  1844 | D:2      | Gained mutation: You are resistant to hostile enchantments. (MR+) [potion of mutation]
  1844 | D:2      | Gained mutation: You are resistant to electric shocks. (rElec) [potion of mutation]
  2318 | D:2      | Reached XP level 4. HP: 9/33 MP: 1/7
  3232 | D:3      | Reached skill level 5 in Fire Magic
  3339 | D:3      | Reached XP level 5. HP: 29/38 MP: 4/8
  4265 | D:3      | Found a radiant altar of Vehumet.
  4380 | D:4      | Reached XP level 6. HP: 33/45 MP: 2/9
  4510 | D:4      | Reached skill level 6 in Fire Magic
  4578 | D:4      | Noticed a slave
  4582 | D:4      | Noticed Pikel
  4582 | D:4      | Noticed a slave
  4597 | D:4      | Noticed a slave
  4600 | D:4      | Noticed a slave
  4637 | D:3      | Slain by Pikel

Skill      XL: |  1  2  3  4  5  6 |
---------------+-------------------+-----
Fire Magic     | 4 5 6 |  6.0
Conjurations   | 2 3 |  3.5
Dodging        | |  1.7
Stealth        | |  1.7
Spellcasting   | |  2.0

Action                   |  1- 3 |  4- 6 || total
-------------------------+-------+-------++-------
Melee: Unarmed           |     8 |       ||     8
       Tailslap          |     2 |       ||     2
 Fire: Hunting sling     |    46 |   163 ||   209
 Cast: Flame Tongue      |    85 |    56 ||   141
       Conjure Flame     |       |     3 ||     3
  Use: Potion            |     2 |     2 ||     4
       Scroll            |       |     3 ||     3
 Stab: Sleeping          |     1 |       ||     1
  Eat: Chunk             |     5 |     6 ||    11
       Ration            |       |     1 ||     1
Armor: Skin              |    66 |    24 ||    90
Dodge: Dodged            |    73 |    64 ||   137
